 Dungeon Crawl Stone Soup version 0.21-a0-146-g612aa8a (webtiles) character file.

53183 FetchQuest the Spear-Bearer (level 14, -9/114 HPs)
             Began as a Demonspawn Wizard on July 26, 2017.
             Was the Champion of Okawaru.
             Mangled by an ice devil (10 damage)
             ... on level 6 of the Lair of Beasts.
             The game lasted 01:24:09 (29079 turns).

FetchQuest the Spear-Bearer (Demonspawn Wizard)    Turns: 29079, Time: 01:24:09

Health: -9/114     AC: 24    Str: 15    XL:     14   Next: 29%
Magic:  25/25      EV:  7    Int: 23    God:    Okawaru [******]
Gold:   945        SH:  0    Dex: 16    Spells: 18/27 levels left

rFire    + . .     SeeInvis .   o - +8 trident of the Octopus King {venom, rElec rPois MR+}
rCold    + . .     Gourm    .   s - +2 buckler {reflect}
rNeg     + . .     Faith    +   B - +6 chain mail of Distant Shores {rPois rN+ Dex+3}
rPois    +         Spirit   .   M - +2 helmet "Ziyfuhig" {MR+ Str+2}
rElec    +         Reflect  +   r - +0 cloak
rCorr    .         Harm     .   Z - +0 pair of gloves {Str+3}
MR       +++..                  (no boots)
Stlth    ..........             m - amulet of faith
HPRegen  0.29/turn              H - ring of stealth
MPRegen  0.19/turn              F - ring of protection from fire

@: confused, lethally poisoned (-9 -> -28), about to teleport
A: talons 2, rugged brown scales 1, agile 1, cold resistance 1, powered by pain
1, evolution 1
a: Heroism, Finesse, Renounce Religion


You were on level 6 of the Lair of Beasts.
You worshipped Okawaru.
Okawaru was exalted by your worship.
You were hungry.

You visited 2 branches of the dungeon, and saw 16 of its levels.
You also visited: Sewer and Ice Cave.

You collected 945 gold pieces.

Inventory:

Hand Weapons
 o - the +8 trident of the Octopus King (weapon) {venom, rElec rPois MR+}
   (You found it on level 3 of the Lair of Beasts)

   It poisons the flesh of those it strikes.
   It insulates you from electricity.
   It protects you from poison.
   It affects your resistance to hostile enchantments.
 u - a +0 flail of protection
 I - the +7 glaive "Hudyogh" {venom, rN+ Str-5 SInv}
   (You found it on level 6 of the Dungeon)

   It poisons the flesh of those it strikes.
   It affects your strength (-5).
   It protects you from negative energy.
   It lets you see invisible.
 R - the +1 glaive of the Known World {venom, +Inv Str+6 Int+3}
   (Okawaru gifted it to you in an ice cave)

   It poisons the flesh of those it strikes.
   It affects your strength (+6).
   It affects your intelligence (+3).
   It lets you turn invisible.
Missiles
 P - 7 throwing nets (quivered)
Armour
 r - a +0 cloak (worn)
 s - a +2 buckler of reflection (worn)
 B - the +6 chain mail of Distant Shores (worn) {rPois rN+ Dex+3}
   (You found it on level 3 of the Lair of Beasts)

   It affects your dexterity (+3).
   It protects you from poison.
   It protects you from negative energy.
 G - a +0 shield of reflection
 J - the +2 large shield of Elitism {rElec rC+ rN+ Int-2}
   (You found it on level 4 of the Lair of Beasts)

   It affects your intelligence (-2).
   It protects you from cold.
   It insulates you from electricity.
   It protects you from negative energy.
 M - the +2 helmet "Ziyfuhig" (worn) {MR+ Str+2}
   (You found it on level 7 of the Dungeon)

   It affects your strength (+2).
   It affects your resistance to hostile enchantments.
 Z - a +0 pair of gloves of strength (worn)
Jewellery
 h - an uncursed ring of magical power
 m - an amulet of faith (around neck)
 z - an uncursed ring of ice
 F - a ring of protection from fire (right hand)
 H - a ring of stealth (left hand)
Wands
 b - a wand of digging (11/24)
 g - a wand of paralysis (11/24)
 j - a wand of random effects (20/48)
 l - a wand of disintegration (4/24)
 q - a wand of iceblast (6/15)
 E - a wand of lightning (12/15)
 K - a wand of lightning (2/15)
 L - a wand of disintegration (10/24)
 S - a wand of iceblast (2/15)
 V - a wand of flame (13/48)
Scrolls
 a - 2 scrolls of blinking
 e - 2 scrolls of fog
 k - 5 scrolls of teleportation
 n - a scroll of fear
 t - 5 scrolls of magic mapping
 w - 2 scrolls of recharging
 y - 7 scrolls of remove curse
 A - 3 scrolls of identify
 U - 4 scrolls of amnesia
Potions
 f - a potion of resistance
 i - a potion of magic
 p - a potion of invisibility
 C - a potion of ambrosia
 N - a potion of degeneration {unknown}
 O - a potion of berserk rage
 Q - 3 potions of brilliance
 T - 2 potions of might
 X - 2 potions of agility
Books
 c - a book of Minor Magic

   Spells                             Type                      Level
   a - Magic Dart                     Conjuration                  1
   b - Blink                          Translocation                2
   c - Call Imp                       Summoning                    2
   d - Slow                           Hexes                        2
   e - Conjure Flame                  Conjuration/Fire             3
   f - Mephitic Cloud                 Conjuration/Poison/Air       3
Comestibles
 d - 5 bread rations
 v - 8 royal jellies
 x - 18 fruits
 D - 6 meat rations


   Skills:
 + Level 10.9 Fighting
 - Level 14.4 Polearms
 + Level 8.3 Armour
 - Level 1.7 Dodging
 - Level 1.7 Stealth
 + Level 3.9 Shields
 - Level 7.4 Spellcasting
 - Level 10.1 Conjurations
   Level 1.0 Summonings
 - Level 0.8 Translocations
 - Level 1.0 Air Magic
 + Level 3.6 Invocations


You had 18 spell levels left.
You knew the following spells:

 Your Spells              Type           Power        Failure   Level  Hunger
a - Magic Dart            Conj           ####         1%          1    None
b - Blink                 Tloc           N/A          73%         2    None
c - Mephitic Cloud        Conj/Pois/Air  ####....     56%         3    None
f - Conjure Flame         Conj/Fire      ####....     36%         3    None


Dungeon Overview and Level Annotations

Branches:
Dungeon (10/15)            Temple (0/1) D:5            Lair (6/6) D:9
 Shoals (0/4) Lair:2        Snake (0/4) Lair:4        Slime (0/5) Lair:6
    Orc: D:9-12

Altars:
Cheibriados
Fedhas
Kikubaaqudgha
Makhleb
Nemelex Xobeh
Okawaru
Ru
Yredelemnul
Zin
The Shining One
Jiyva

Shops:
D:4 =   D:8 }[   D:9 %**

Annotations:
D:6 exclusion: oklob plant
Lair:3 exclusion: 4 oklob plants
Lair:6 1 runed door


Innate Abilities, Weirdness & Mutations

You have razor-sharp toenails.
You are partially covered in rugged brown scales. (AC +1, +3% HP)
Your flesh is cold resistant. (rC+)
You sometimes gain a little power by taking damage.
You are agile. (Dex +2)
You evolve.


Message History

You feel sick. The hell hound closely misses you.
The orange demon stings you but does no damage.
As you read the scroll of teleportation, it crumbles to dust.
You feel strangely unstable.
You feel sick. The hell hound bites you!
* * * LOW HITPOINT WARNING * * *
The ice devil hits you!
* * * LOW HITPOINT WARNING * * *
The ice devil freezes you. You resist.
* * * LOW HITPOINT WARNING * * *
You block the hell hound's attack.
The orange demon stings you but does no damage.
You are confused.
You feel invigorated.
* * * LOW HITPOINT WARNING * * *
You feel sick. The hell hound bites you!
* * * LOW HITPOINT WARNING * * *
The ice devil hits you.
* * * LOW HITPOINT WARNING * * *
The ice devil freezes you! You resist.
You die...

≈ ## ####### ##≈§ #..
.....#....§ #... .8.4#...
#..8. ...'. #...8.#..#
#.8...#
#...#.8.h###############
#..8.8..44@............#
#........#h..8....8....#
♣♣♣♣♣+#########.............#
♣♣.♣♣P♣♣♣ ######''#######
♣....†..♣♣♣ ♣....♣
...♣♣♣....♣♣♣ ♣♣..♣♣ ♣♣♣♣
♣♣♣♣...♣♣ ♣♣♣..♣♣ ♣
♣♣...♣♣♣♣♣..♣♣♣ ♣♣♣...♣†.♣♣♣


You could see an orange demon, an ice devil and 2 hell hounds.

Vanquished Creatures
  Gastronok (Lair:1)
  Snorg (Lair:4)
  The ghost of Mulkerokala the Thaumaturge, a journeyman DESu of Vehumet (Lair:6)
  Fannar (Lair:1)
  Harold (Lair:1)
  5 hydras
  The ghost of Mulkerokala the Thaumaturge, a journeyman DESu of Vehumet (Lair:4)
  3 two-headed ogres
  2 catoblepae (Lair:6)
  Erica (D:8)
  A death yak (Lair:6)
  A sixfirhy (Lair:6)
  A wizard (Lair:6)
  A necromancer (IceCv)
  Pikel (D:8)
  A lindwurm (Lair:6)
  3 ice statues (IceCv)
  4 elephants (Lair:6)
  14 spiny frogs
  5 black mambas
  Psyche (D:8)
  An orange demon (Lair:6)
  A gargoyle (D:10)
  A torpor snail (Lair:6)
  3 rime drakes (Lair:6)
  6 komodo dragons
  12 ice devils
  5 merfolk
  A polar bear (Lair:5)
  Grinder (D:3)
  15 blink frogs
  5 hippogriffs
  4 dream sheep (Lair:6)
  A vampire (D:6)
  3 wyverns
  A human (D:10)
  Sigmund (D:6)
  A basilisk (Lair:6)
  40 yaks
  A hungry ghost (D:9)
  A steam dragon (D:9)
  21 water moccasins
  3 hell hounds (Lair:6)
  6 porcupines
  6 orc warriors
  2 sky beasts
  2 ice beasts
  3 phantoms
  7 ogres
  10 wolves
  7 centaurs
  16 crocodiles
  2 big kobolds
  14 bullfrogs
  A gnoll sergeant (D:9)
  A wyvern zombie (D:8)
  6 scorpions
  4 killer bees (D:10)
  3 electric eels (Lair:4)
  4 howler monkeys
  9 crimson imps
  3 draconian simulacra (IceCv)
  3 quasits
  4 hounds
  A jelly (D:10)
  4 orc priests
  A gnoll shaman (D:4)
  Crazy Yiuf (D:2)
  2 bullfrog skeletons
  2 hell rats (Lair:4)
  8 orc wizards
  4 iguanas
  4 worker ants
  2 killer bee zombies
  3 troll simulacra (IceCv)
  A centaur simulacrum (IceCv)
  A worker ant zombie (D:9)
  Robin (D:2)
  9 gnolls
  A howler monkey zombie (D:6)
  21 adders
  2 ogre simulacra (IceCv)
  17 river rats
  A naga simulacrum (IceCv)
  2 shadow imps
  12 white imps (Lair:1)
  5 oozes
  2 adder zombies
  4 worms
  4 dart slugs
  6 leopard geckos
  30 orcs
  12 giant cockroaches
  14 goblins
  14 hobgoblins
  11 jackals
  15 kobolds
  5 quokkas
  17 ball pythons
  9 bats
  6 frilled lizards
  A jackal skeleton (D:4)
  A quokka skeleton (D:4)
  33 rats
580 creatures vanquished.

Vanquished Creatures (others)
  A slave (D:8)
  15 fungi
  8 plants
  9 toadstools (D:6)
33 creatures vanquished.

Grand Total: 613 creatures vanquished

Notes
Turn   | Place    | Note
-------+----------+-------------------------------------------
     0 | D:1      | FetchQuest the Demonspawn Wizard began the quest for the Orb.
     0 | D:1      | Reached XP level 1. HP: 13/13 MP: 4/4
   482 | D:1      | Gained mutation: You have sharp toenails. [demonic ancestry]
   482 | D:1      | Reached XP level 2. HP: 19/19 MP: 0/6
  1257 | D:2      | Gained mutation: You are partially covered in rugged brown scales. (AC +1, +3% HP) [demonic ancestry]
  1257 | D:2      | Reached XP level 3. HP: 19/24 MP: 7/7
  1307 | D:2      | Learned a level 3 spell: Conjure Flame
  1311 | D:2      | Learned a level 3 spell: Mephitic Cloud
  1684 | D:2      | Noticed Robin
  1769 | D:2      | Killed Robin
  1769 | D:2      | Reached skill level 1 in Air Magic
  1769 | D:2      | Gained mutation: You have razor-sharp toenails. [demonic ancestry]
  1769 | D:2      | Reached XP level 4. HP: 16/30 MP: 2/8
  2580 | D:2      | Found a runed door.
  2584 | D:2      | Noticed Crazy Yiuf
  2591 | D:2      | Killed Crazy Yiuf
  2811 | D:3      | Found a glowing silver altar of Zin.
  2883 | D:2      | Reached XP level 5. HP: 21/36 MP: 10/10
  3118 | D:3      | Found a faded altar of an unknown god.
  3186 | D:3      | Noticed Grinder
  3190 | D:3      | Paralysed by Grinder for 4 turns
  3197 | D:3      | Paralysed by Grinder for 2 turns
  3355 | D:4      | Found Healaur's Jewellery Shoppe.
  3503 | D:4      | Found a glowing drain.
  3507 | Sewer    | Entered a sewer
  3646 | Sewer    | Reached skill level 5 in Conjurations
  3934 | Sewer    | Reached XP level 6. HP: 37/42 MP: 11/11
  4418 | D:4      | Reached XP level 7. HP: 43/47 MP: 8/14
  4609 | D:4      | Found a snail-covered altar of Cheibriados.
  4623 | D:3      | Paralysed by Grinder for 3 turns
  4633 | D:3      | Paralysed by Grinder for 3 turns
  4712 | D:4      | Reached skill level 5 in Spellcasting
  5243 | D:3      | Reached skill level 1 in Polearms
  5391 | D:3      | Reached skill level 2 in Polearms
  5663 | D:3      | Killed Grinder
  5663 | D:3      | Reached skill level 3 in Polearms
  5665 | D:3      | HP: 1/47 [quokka (5)]
  6189 | D:5      | Entered Level 5 of the Dungeon
  6193 | D:5      | Found a burning altar of Makhleb.
  6199 | D:5      | Reached skill level 4 in Polearms
  6232 | D:5      | Reached XP level 8. HP: 40/53 MP: 15/15
  6278 | D:5      | Reached skill level 5 in Polearms
  6879 | D:5      | Found a glowing golden altar of the Shining One.
  6890 | D:5      | Reached skill level 6 in Polearms
  6960 | D:5      | Found an iron altar of Okawaru.
  6967 | D:5      | Became a worshipper of Warmaster Okawaru
  7021 | D:5      | Found a staircase to the Ecumenical Temple.
  7274 | D:6      | Reached skill level 7 in Polearms
  7335 | D:6      | Noticed Sigmund
  7342 | D:6      | Killed Sigmund
  7342 | D:6      | Reached * piety under Okawaru
  7358 | D:6      | Reached skill level 8 in Polearms
  7358 | D:6      | Reached XP level 9. HP: 18/58 MP: 5/16
  7555 | D:6      | Got a colourful robe
  7566 | D:6      | Identified the +0 robe "Jixkidghuuse" {MR- Str+5 Dex+4} (You found it on level 6 of the Dungeon)
  7927 | D:6      | Reached skill level 9 in Polearms
  8199 | D:6      | Got an iridescent glaive
  8200 | D:6      | Identified the +7 glaive "Hudyogh" {venom, rN+ Str-5 SInv} (You found it on level 6 of the Dungeon)
  8244 | D:6      | Reached ** piety under Okawaru
  8276 | D:6      | Found a blossoming altar of Fedhas.
  8291 | D:6      | Noticed an oklob plant
  9218 | D:7      | Reached skill level 10 in Polearms
  9343 | D:7      | Identified a scroll of acquirement
  9344 | D:7      | Got a crystal great mace
  9345 | D:7      | Identified the +10 great mace "Grim" {protect, Dex+3} (You acquired it on level 7 of the Dungeon)
  9425 | D:7      | Reached skill level 1 in Fighting
  9698 | D:7      | Found an ancient bone altar of Kikubaaqudgha.
  9708 | D:7      | Got an encrusted helmet
  9719 | D:7      | Identified the +2 helmet "Ziyfuhig" {MR+ Str+2} (You found it on level 7 of the Dungeon)
  9856 | D:7      | Found a blossoming altar of Fedhas.
  9934 | D:8      | Noticed Erica
  9954 | D:8      | Killed Erica
  9954 | D:8      | Reached *** piety under Okawaru
  9954 | D:8      | Reached XP level 10. HP: 59/70 MP: 11/18
  9969 | D:8      | Noticed Pikel
  9986 | D:8      | Killed Pikel
  9986 | D:8      | Reached **** piety under Okawaru
 10085 | D:8      | Found Lodghidoll's Armour Shop.
 10096 | D:8      | Found a sparkling altar of Nemelex Xobeh.
 10101 | D:8      | Noticed Psyche
 10110 | D:8      | Killed Psyche
 10128 | D:8      | Learned a level 2 spell: Blink
 10162 | D:8      | Noticed a two-headed ogre
 10518 | D:8      | Found Dozache's Gadget Boutique.
 10818 | D:8      | Found a sacrificial altar of Ru.
 10818 | D:8      | Found a basalt altar of Yredelemnul.
 11003 | D:9      | Found Tippol's Food Shoppe.
 11121 | D:9      | Found Hoibur's Assorted Antiques.
 11130 | D:9      | Killed a two-headed ogre
 11130 | D:9      | Reached ***** piety under Okawaru
 11651 | D:9      | Found Peesot's General Store.
 11664 | D:9      | You fall through a shaft!
 11664 | D:10     | Entered Level 10 of the Dungeon
 11744 | D:10     | Reached skill level 5 in Fighting
 11744 | D:10     | Gained mutation: You sometimes gain a little power by taking damage. [demonic ancestry]
 11744 | D:10     | Reached XP level 11. HP: 21/81 MP: 21/21
 12292 | D:10     | Noticed a two-headed ogre
 12301 | D:10     | Killed a two-headed ogre
 12301 | D:10     | Reached skill level 10 in Conjurations
 12941 | D:9      | Noticed a two-headed ogre
 12952 | D:9      | Killed a two-headed ogre
 12952 | D:9      | Received a gift from Okawaru
 12952 | D:9      | Reached skill level 1 in Armour
 12958 | D:9      | Got a fine bardiche {god gift}
 12959 | D:9      | Identified the +10 bardiche of a Thousand Yaks {drain, +Fly MR- Int-4 SInv} (Okawaru gifted it to you on level 9 of the Dungeon)
 13010 | D:9      | Found a staircase to the Lair.
 13590 | Lair:1   | Entered Level 1 of the Lair of Beasts
 13600 | Lair:1   | Gained mutation: You are somewhat resistant to further mutation. [potion of mutation]
 13657 | Lair:1   | Noticed Fannar
 13677 | Lair:1   | Killed Fannar
 13708 | Lair:1   | Found a frozen archway.
 13831 | IceCv    | Entered an ice cave
 13987 | IceCv    | Reached skill level 11 in Polearms
 14035 | IceCv    | Received a gift from Okawaru
 14044 | IceCv    | Got an ichor-stained glaive {god gift}
 14045 | IceCv    | Identified the +1 glaive of the Known World {venom, +Inv Str+6 Int+3} (Okawaru gifted it to you in an ice cave)
 18715 | IceCv    | Reached XP level 12. HP: 93/93 MP: 23/23
 21198 | Lair:1   | Noticed Harold
 21214 | Lair:1   | Killed Harold
 21214 | Lair:1   | Received a gift from Okawaru
 21281 | Lair:1   | Noticed Gastronok
 21336 | Lair:1   | Killed Gastronok
 21336 | Lair:1   | Reached skill level 12 in Polearms
 21821 | Lair:2   | Reached skill level 5 in Armour
 22191 | Lair:2   | Found a staircase to the Shoals.
 22361 | Lair:2   | Reached ****** piety under Okawaru
 23323 | Lair:3   | Received a gift from Okawaru
 23471 | Lair:3   | Reached skill level 13 in Polearms
 23501 | Lair:3   | Noticed a four-headed hydra
 23866 | Lair:3   | Gained mutation: Your flesh is cold resistant. (rC+) [demonic ancestry]
 23866 | Lair:3   | Reached XP level 13. HP: 53/103 MP: 18/24
 23870 | Lair:3   | HP: 1/103 [spiny frog (14)]
 24760 | Lair:3   | Got a shimmering chain mail
 24771 | Lair:3   | Identified the +6 chain mail of Distant Shores {rPois rN+ Dex+3} (You found it on level 3 of the Lair of Beasts)
 25926 | Lair:4   | Noticed Mulkerokala's ghost (journeyman DESu)
 25934 | Lair:4   | Noticed Snorg
 25979 | Lair:4   | Got a transparent large shield
 25980 | Lair:4   | Identified the +2 large shield of Elitism {rElec rC+ rN+ Int-2} (You found it on level 4 of the Lair of Beasts)
 26238 | Lair:4   | Found a staircase to the Snake Pit.
 26290 | Lair:4   | Killed Snorg
 26306 | Lair:4   | Killed Mulkerokala's ghost
 26714 | Lair:5   | Lost mutation: You are somewhat resistant to further mutation. [potion of mutation]
 26714 | Lair:5   | Gained mutation: Your spells are a little easier to cast, but a little less powerful. [potion of mutation]
 26714 | Lair:5   | Lost mutation: Your spells are a little easier to cast, but a little less powerful. [potion of mutation]
 26714 | Lair:5   | Gained mutation: You are agile. (Dex +2) [potion of mutation]
 26714 | Lair:5   | Gained mutation: You evolve. [potion of mutation]
 26770 | Lair:5   | Found an iron altar of Okawaru.
 26849 | Lair:5   | Received a gift from Okawaru
 26971 | Lair:5   | Reached skill level 1 in Shields
 27127 | Lair:5   | Gained mutation: You rapidly evolve. [evolution]
 27127 | Lair:5   | Lost mutation: You rapidly evolve. [decline of evolution]
 27320 | Lair:6   | Entered Level 6 of the Lair of Beasts
 27320 | Lair:6   | Noticed Mulkerokala's ghost (journeyman DESu)
 27326 | Lair:6   | Reached skill level 14 in Polearms
 27386 | Lair:6   | Reached skill level 10 in Fighting
 27629 | Lair:6   | Killed Mulkerokala's ghost
 27927 | Lair:6   | Found a runed door.
 27928 | Lair:6   | Found a viscous altar of Jiyva.
 27930 | Lair:6   | Found a staircase to the Slime Pits.
 27952 | Lair:6   | Received a gift from Okawaru
 28056 | Lair:6   | Reached XP level 14. HP: 67/114 MP: 25/25
 28521 | Lair:6   | Reached skill level 1 in Invocations
 28587 | Lair:6   | Received a gift from Okawaru
 28599 | Lair:6   | Got a twisted chain mail
 28610 | Lair:6   | Identified the +3 chain mail of Recklessness {-Cast rElec rF++ Dex+2} (You found it on level 6 of the Lair of Beasts)
 29042 | Lair:6   | Received a gift from Okawaru
 29079 | Lair:6   | HP: 1/114 [ice devil (5)]
 29079 | Lair:6   | Mangled by an ice devil

Vault maps used:
D:1:      lightli_molten_gateway
D:2:      minivault_23, uniq_robin, uniq_crazy_yiuf_cottage
D:3:      old_standard_altar, chequers_ecumenical_altar_simple, uniq_grinder
D:4:      kennysheep_mini_moat, first_bread, gup_sewer_entry_spiral,
          serial_shops, shop
D:5:      kennysheep_mini, lemuel_doored_altar, temple_hall, basic_altar
D:6:      tgw_fedhas, uniq_sigmund
D:7:      kiku_gazebo_garden_becter, overflow_temple_1_default,
          grunt_ministairs_10
D:8:      old_standard_altar, amethyst_overflow_temple_binary, serial_shops,
          nicolae_shop_competitors_out_of_business, shop_statue, uniq_pikel,
          uniq_psyche, uniq_erica
D:9:      erik_lair_dragon, serial_shops, kennysheep_little_box, shop, shop
D:10:     hangedman_stone_soup
Lair:1:   portal_ice_cave_entry_imps, uniq_fannar, uniq_gastronok, uniq_harold
Lair:2:   elwin_shoals_entry_stream
Lair:3:   cheibrodos_lair_river_kwai, minmay_lair_oklob_chamber
Lair:4:   minmay_snake_entry_six_corridors, kennysheep_rathole,
          lemuel_fruit_tree, infiniplex_staircase_pool_2, lemuel_fruit_fields,
          serial_bayou_shore_a, uniq_snorg
Lair:5:   basic_altar
Lair:6:   evil_forest, slime_altar_2, st_stairs_11, minivault_27
Sewer:    sewer_minmay_w
IceCv:    ice_cave_tombish

Skill      XL: |  1  2  3  4  5  6  7  8  9 10 11 12 13 14 |
---------------+-------------------------------------------+-----
Conjurations   | 2 3 4 5 6 7 9 10 | 10.1
Air Magic      | 1 |  1.0
Spellcasting   | 4 5 7 |  7.4
Polearms       | 4 8 10 11 13 14 | 14.4
Fighting       | 2 5 7 8 10 | 10.9
Armour         | 3 6 7 8 |  8.3
Shields        | 2 3 |  3.9
Invocations    | 3 |  3.6
Dodging        | |  1.7
Stealth        | |  1.7
Summonings     | |  1.0
Translocations | |  0.8

Action                   |  1- 3 |  4- 6 |  7- 9 | 10-12 | 13-15 || total
-------------------------+-------+-------+-------+-------+-------++-------
Melee: Dagger            |    13 |       |       |       |       ||    13
       Kick              |     3 |     3 |    29 |   119 |   207 ||   361
       Quarterstaff      |       |    38 |   143 |       |       ||   181
       Glaive            |       |       |    68 |  1087 |    35 ||  1190
       Trident           |       |       |       |       |   651 ||   651
Throw: Throwing net      |       |       |       |       |     1 ||     1
 Cast: Magic Dart        |    97 |   173 |   234 |   230 |       ||   734
       Mephitic Cloud    |     4 |    10 |    25 |    49 |       ||    88
       Conjure Flame     |       |       |     8 |    65 |     4 ||    77
       Blink             |       |       |       |    20 |     1 ||    21
Invok: Heroism           |       |       |       |       |     2 ||     2
Evoke: Wand              |       |     6 |    12 |     1 |     9 ||    28
  Use: Scroll            |       |     8 |     6 |     8 |     6 ||    28
       Potion            |       |     8 |     3 |    11 |     5 ||    27
 Stab: Confused          |     1 |       |     6 |    24 |       ||    31
       Petrified         |       |       |     5 |       |     3 ||     8
       Sleeping          |       |       |     5 |     6 |       ||    11
       Petrifying        |       |       |     1 |       |     1 ||     2
       Distracted        |       |       |       |     1 |     1 ||     2
  Eat: Chunk             |     2 |    10 |    10 |    13 |     5 ||    40
       Bread ration      |       |       |     2 |     8 |     2 ||    12
Armor: Robe              |     9 |    36 |    81 |   246 |     9 ||   381
       Chain mail        |       |       |       |       |   253 ||   253
Dodge: Dodged            |    19 |    77 |   149 |   412 |   145 ||   802
Block: Buckler           |       |       |       |       |    55 ||    55
